Lightning vs Predators

Created - April 27, 2025 at 22:33

Goals
1 2 3 T
Lightning 0 2 1 3
Predators 2 3 0 5
Shots
1 2 3 T
Lightning 7 12 4 23
Predators 8 14 8 30

1st period

1. Predators , Scott Laughton 12 (Jaden Schwartz 36, Ryan Mcdonagh 22) at 3:01
2. Predators , Mikael Granlund 39 (Justin Faulk 43, Andreas Englund 7) at 14:21

Penalties :
Justin Faulk (Nas) for Holding (Minor) at 6:20

2nd period

3. Predators , Andy Miele 20 (Andreas Englund 8) at 1:40 (SH)
4. Predators , Claude Giroux 30 (Jaden Schwartz 37, Scott Laughton 21) at 4:15
5. Predators , John Moore 5 (Jack Eichel 53, Mikael Granlund 53) at 5:04
6. Lightning , Anze Kopitar 8 (Jonathan Drouin 27, Lawson Crouse 42) at 6:53
7. Lightning , Max Friberg 6 (Tim Schaller 11) at 18:17

Penalties :
Justin Faulk (Nas) for Roughing (Minor) at 0:10, Alex DeBrincat (T.B) for Hooking (Minor) at 9:03, Alexander Ovechkin (Nas) for Slashing (Minor) at 15:57

3rd period

8. Lightning , Justin Schultz 5 (John Carlson 13, Alex Nedeljkovic) at 16:57

Penalties :
Alexander Ovechkin (Nas) for Roughing (Double Minor) at 0:59

Goalie Stats

Alex Nedeljkovic (T.B), 18 saves from 19 shots - (0.947), 35:45 minutes
Anton Forsberg (T.B), 7 saves from 11 shots - (0.636), L, 2-5-0, 24:15 minutes
Andrei Vasilevskiy (Nas), 20 saves from 23 shots - (0.870), W, 28-17-6, 60:00 minutes

Players Stats for Lightning

Player Name              G  A  P  +/- PIM S  H  SB GA TA FO     MP     PP MP  PK MP  
------------------------------------------------------------------------------------
Alex DeBrincat           0  0  0  -1  2   1  3  1  0  0  2/2    19:31   4:09   0:00 
Alex Pietrangelo         0  0  0  -4  0   5  1  0  1  0  0/0    28:22   5:59   1:11 
Anthony Cirelli          0  0  0  -1  0   1  1  0  0  2  1/1    20:11   4:13   0:35 
Anze Kopitar             1  0  1   0  0   1  1  0  0  0  19/34  25:00   4:56   1:15 
Ben Hutton               0  0  0   0  0   0  0  1  1  0  0/0    11:55   0:11   0:00 
Cory Emmerton            0  0  0  -1  0   2  6  1  1  0  3/9    19:31   4:09   0:06 
Daultan Leveillé         0  0  0  -1  0   1  0  0  0  0  3/5    12:50   0:51   0:00 
Dmitry Sinitsyn          0  0  0   0  0   0  1  1  0  1  0/0    11:41   0:11   0:00 
Jeff Schultz             0  0  0  -4  0   1  1  1  0  0  0/0    24:35   5:59   1:11 
Jesper Fast              0  0  0   0  0   0  0  0  0  0  0/0     6:44   0:55   0:00 
John Carlson             0  1  1   2  0   0  1  0  1  0  0/0    19:32   3:46   0:48 
John Draeger             0  0  0   0  0   0  0  0  0  1  0/0     4:36   0:00   0:00 
Jonathan Drouin          0  1  1   0  0   2  2  0  0  0  0/3    20:34   4:56   0:28 
Justin Schultz           1  0  1   2  0   3  2  0  2  2  0/0    19:32   3:46   0:48 
Lawson Crouse            0  1  1   0  0   1  3  0  0  0  1/1    21:05   4:45   1:08 
Max Friberg              1  0  1  -1  0   3  1  0  0  0  1/1    12:48   0:00   0:26 
Teemu Hartikainen        0  0  0   0  0   0  2  0  0  0  0/0     6:05   0:10   0:00 
Tim Schaller             0  1  1  -1  0   2  2  0  0  0  0/1    13:28   0:44   0:00 

Players Stats for Predators

Player Name              G  A  P  +/- PIM S  H  SB GA TA FO     MP     PP MP  PK MP  
------------------------------------------------------------------------------------
Alexander Ovechkin       0  0  0   0  6   2  2  0  0  0  0/0    19:30   1:14   0:37 
Andreas Englund          0  2  2  -1  0   1  0  0  0  0  0/0    14:25   0:00   3:33 
Andy Miele               1  0  1   1  0   1  2  0  1  0  3/8    13:42   0:00   3:09 
Claude Giroux            1  0  1   2  0   3  3  1  0  0  1/3    17:12   0:45   3:14 
Jack Eichel              0  1  1   0  0   4  2  0  2  1  10/23  19:21   1:14   0:39 
Jaden Schwartz           0  2  2   1  0   2  3  0  1  0  4/6    18:35   0:45   5:05 
Joel Armia               0  0  0   0  0   0  0  0  0  0  0/0     7:30   0:00   0:18 
John Moore               1  0  1   2  0   3  2  2  0  1  0/0    20:28   1:07   3:40 
Justin Faulk             0  1  1   2  4   2  1  2  0  1  0/0    25:28   0:52   3:19 
Marc Staal               0  0  0  -2  0   1  0  2  0  0  0/0    14:33   0:00   3:25 
Mark Pysyk               0  0  0   0  0   0  1  0  0  1  0/1    12:11   0:00   5:05 
Markus Granlund          0  0  0   0  0   0  2  0  0  1  3/4     7:06   0:00   0:00 
Mikael Granlund          1  1  2   0  0   4  1  0  0  0  0/0    18:39   1:14   0:00 
Nicolas Kerdiles         0  0  0   0  0   1  0  0  1  1  0/0    12:10   0:00   1:45 
Reilly Smith             0  0  0   0  0   0  0  0  0  0  0/0    10:26   0:00   0:00 
Ryan Mcdonagh            0  1  1   2  0   4  1  0  0  0  0/0    27:56   0:52   5:55 
Scott Laughton           1  1  2   1  0   1  3  0  1  0  6/12   13:22   0:45   0:00 
Travis Dermott           0  0  0   1  0   1  0  0  0  0  0/0    17:26   1:07   0:00 

3 Stars

1 - Scott Laughton (Nas)
2 - Claude Giroux (Nas)
3 - John Moore (Nas)

Power Play

Lightning - 0 on 5 Attempt(s) - 0.00%
Predators - 0 on 1 Attempt(s) - 0.00%

Penalty Kill

Lightning - 1 on 1 Attempt(s) - 100.00% - Score 0 goal in Penalty Kill
Predators - 5 on 5 Attempt(s) - 100.00% - Score 1 goal in Penalty Kill

Team Stat

Lightning - Hits : 27 - Faceoff Wins : 30 - Blocked Shots : 5 - Penalty Minutes : 2
Predators - Hits : 23 - Faceoff Wins : 27 - Blocked Shots : 7 - Penalty Minutes : 10

Official

Referees : TJ Luxmore and Brandon Schrader
Linesman : Ryan Galloway and Kyle Flemington

Game Notes

Alex Nedeljkovic enters game at 4:15 of 2nd period

Finance

Level 1 -- Attendance: 6000 (100.00%) -- Ticket Income $600,000
Level 2 -- Attendance: 4597 (91.94%) -- Ticket Income $321,790
Level 3 -- Attendance: 1895 (94.75%) -- Ticket Income $75,800
Level 4 -- Attendance: 3726 (93.15%) -- Ticket Income $111,780
Luxury Box -- Attendance: 912 (91.20%) -- Ticket Income $182,400
Game was played at the Bridgestone arena.
Total Attendance: 17130 (95.17%)
Total Ticket Income: $1,291,770
Other Income: $193,766
Total Income: $1,485,536

Lightning

5 vs 5 Forward 
   Center                   Left Wing                Right Wing               Time % Phy DF OF 
 1 Anze Kopitar             Jonathan Drouin          Lawson Crouse            40     1   2  2  
 2 Cory Emmerton            Anthony Cirelli          Alex DeBrincat           30     1   2  2  
 3 Daultan Leveillé         Tim Schaller             Max Friberg              20     1   2  2  
 4 Anze Kopitar             Teemu Hartikainen        Jesper Fast              10     1   2  2  

5 vs 5 Defense 
   Defense                  Defense                                           Time % Phy DF OF 
 1 Alex Pietrangelo         Jeff Schultz                                      40     1   2  2  
 2 John Carlson             Justin Schultz                                    30     1   2  2  
 3 Ben Hutton               Dmitry Sinitsyn                                   20     1   2  2  
 4 John Draeger             Alex Pietrangelo                                  10     1   2  2  

PowerPlay Forward 
   Center                   Left Wing                Right Wing               Time % Phy DF OF 
 1 Anze Kopitar             Jonathan Drouin          Lawson Crouse            60     1   2  2  
 2 Cory Emmerton            Anthony Cirelli          Alex DeBrincat           40     1   2  2  

PowerPlay Defense
   Defense                  Defense                                           Time % Phy DF OF 
 1 Alex Pietrangelo         Jeff Schultz                                      60     1   2  2  
 2 John Carlson             Justin Schultz                                    40     1   2  2  

Penalty Kill 4 Players Forward 
   Center                   Wing                     Time % Phy DF OF 
 1 Anze Kopitar             Lawson Crouse            60     1   2  2  
 2 Jonathan Drouin          Anthony Cirelli          40     1   2  2  

Penalty Kill 4 Players Defense
   Defense                  Defense                  Time % Phy DF OF 
 1 Alex Pietrangelo         Jeff Schultz             60     1   2  2  
 2 John Carlson             Justin Schultz           40     1   2  2  

Penalty Kill - 3 Players Forward 
   Forward                                           Time % Phy DF OF 
 1 Anze Kopitar                                      60     1   2  2  
 2 Lawson Crouse                                     40     1   2  2  

Penalty Kill - 3 Players Defense
   Defense                  Defense                  Time % Phy DF OF 
 1 Alex Pietrangelo         Jeff Schultz             60     1   2  2  
 2 John Carlson             Justin Schultz           40     1   2  2  

4 vs 4 Forward 
   Center                   Wing                     Time % Phy DF OF 
 1 Anze Kopitar             Lawson Crouse            60     1   2  2  
 2 Jonathan Drouin          Anthony Cirelli          40     1   2  2  

4 vs 4 Defense
   Defense                  Defense                  Time % Phy DF OF 
 1 Alex Pietrangelo         Jeff Schultz             60     1   2  2  
 2 John Carlson             Justin Schultz           40     1   2  2  

Last Minutes Offensive
   Center                   Left Wing                Right Wing               Defense                  Defense                  
   Anze Kopitar             Jonathan Drouin          Lawson Crouse            Alex Pietrangelo         Jeff Schultz             

Last Minutes Defensive
   Center                   Left Wing                Right Wing               Defense                  Defense                  
   Anze Kopitar             Jonathan Drouin          Lawson Crouse            Alex Pietrangelo         Jeff Schultz             

Goaltenders
Starting : Anton Forsberg           
Backup : Alex Nedeljkovic         

Extra Forwards
Normal : Tim Schaller, Daultan Leveillé, Max Friberg - PP : Tim Schaller, Daultan Leveillé - PK : Max Friberg
Extra Defensemen
Normal : Ben Hutton, Dmitry Sinitsyn, John Draeger - PP : Ben Hutton - PK : Dmitry Sinitsyn, John Draeger
Penalty Shots
Anze Kopitar, Lawson Crouse, Jonathan Drouin, Anthony Cirelli, Alex DeBrincat
Custom OT Lines Forwards
Anze Kopitar, Lawson Crouse, Jonathan Drouin, Anthony Cirelli, Alex DeBrincat, Cory Emmerton, Tim Schaller, Daultan Leveillé, Max Friberg, Teemu Hartikainen
Custom OT Lines Defensemen
Alex Pietrangelo, Jeff Schultz, John Carlson, Justin Schultz, Ben Hutton

Scratches
Nico Hischier (Healthy), Dalton Thrower (Healthy), Miro Heiskanen (Healthy), Joel Eriksson Ek (Healthy), Brandon Hagel (Healthy)

Predators

5 vs 5 Forward 
   Center                   Left Wing                Right Wing               Time % Phy DF OF 
 1 Jack Eichel              Alexander Ovechkin       Mikael Granlund          40     1   2  2  
 2 Scott Laughton           Jaden Schwartz           Claude Giroux            30     1   2  2  
 3 Andy Miele               Nicolas Kerdiles         Reilly Smith             20     1   2  2  
 4 Markus Granlund          Joel Armia               Mark Pysyk               10     1   2  2  

5 vs 5 Defense 
   Defense                  Defense                                           Time % Phy DF OF 
 1 Ryan Mcdonagh            Justin Faulk                                      40     1   1  3  
 2 John Moore               Travis Dermott                                    30     1   2  2  
 3 Andreas Englund          Marc Staal                                        20     1   2  2  
 4 Ryan Mcdonagh            Justin Faulk                                      10     1   2  2  

PowerPlay Forward 
   Center                   Left Wing                Right Wing               Time % Phy DF OF 
 1 Jack Eichel              Alexander Ovechkin       Mikael Granlund          55     1   1  3  
 2 Scott Laughton           Jaden Schwartz           Claude Giroux            45     1   1  3  

PowerPlay Defense
   Defense                  Defense                                           Time % Phy DF OF 
 1 Ryan Mcdonagh            Justin Faulk                                      60     1   1  3  
 2 John Moore               Travis Dermott                                    40     1   1  3  

Penalty Kill 4 Players Forward 
   Center                   Wing                     Time % Phy DF OF 
 1 Jaden Schwartz           Mark Pysyk               60     1   2  2  
 2 Andy Miele               Claude Giroux            40     1   2  2  

Penalty Kill 4 Players Defense
   Defense                  Defense                  Time % Phy DF OF 
 1 Ryan Mcdonagh            Justin Faulk             60     1   3  1  
 2 John Moore               Andreas Englund          40     1   3  1  

Penalty Kill - 3 Players Forward 
   Forward                                           Time % Phy DF OF 
 1 Mark Pysyk                                        60     1   3  1  
 2 Claude Giroux                                     40     1   3  1  

Penalty Kill - 3 Players Defense
   Defense                  Defense                  Time % Phy DF OF 
 1 Ryan Mcdonagh            Justin Faulk             60     1   3  1  
 2 John Moore               Andreas Englund          40     1   3  1  

4 vs 4 Forward 
   Center                   Wing                     Time % Phy DF OF 
 1 Mikael Granlund          Alexander Ovechkin       60     1   2  2  
 2 Jack Eichel              Claude Giroux            40     1   2  2  

4 vs 4 Defense
   Defense                  Defense                  Time % Phy DF OF 
 1 Ryan Mcdonagh            Justin Faulk             60     1   2  2  
 2 John Moore               Travis Dermott           40     1   2  2  

Last Minutes Offensive
   Center                   Left Wing                Right Wing               Defense                  Defense                  
   Jack Eichel              Alexander Ovechkin       Mikael Granlund          Ryan Mcdonagh            Justin Faulk             

Last Minutes Defensive
   Center                   Left Wing                Right Wing               Defense                  Defense                  
   Andy Miele               Claude Giroux            Mark Pysyk               John Moore               Ryan Mcdonagh            

Goaltenders
Starting : Andrei Vasilevskiy       
Backup : Kari Lehtonen            

Extra Forwards
Normal : Claude Giroux, Jaden Schwartz, Reilly Smith - PP : Reilly Smith, Andy Miele - PK : Nicolas Kerdiles
Extra Defensemen
Normal : John Moore, Marc Staal, Andreas Englund - PP : Marc Staal - PK : Marc Staal, John Moore
Penalty Shots
Mikael Granlund, Alexander Ovechkin, Jack Eichel, Claude Giroux, Ryan Mcdonagh
Custom OT Lines Forwards
Mikael Granlund, Jack Eichel, Claude Giroux, Alexander Ovechkin, Jaden Schwartz, Scott Laughton, Reilly Smith, Andy Miele, Mark Pysyk, Markus Granlund
Custom OT Lines Defensemen
Ryan Mcdonagh, Justin Faulk, John Moore, Travis Dermott, Marc Staal

Scratches
Morgan Rielly (Healthy)

% Time on Ice - Lightning

Lines # - Real PCT - Wanted PCT - Time Play
Normal Forward
1 - 32% - 40% - 15:09
2 - 32% - 30% - 15:23
3 - 24% - 20% - 11:38
4 - 12% - 10% - 5:55
Normal Defense
1 - 37% - 40% - 17:47
2 - 31% - 30% - 14:58
3 - 22% - 20% - 10:44
4 - 10% - 10% - 4:36
PP Forward
1 - 58% - 60% - 5:43
2 - 42% - 40% - 4:13
PP Defense
1 - 62% - 60% - 6:10
2 - 38% - 40% - 3:46
PK Forward
1 - 76% - 60% - 1:31
2 - 24% - 40% - 0:28
PK Defense
1 - 60% - 60% - 1:11
2 - 40% - 40% - 0:48
PK3 Forward
1 - 0% - 60%
2 - 0% - 40%
PK3 Defense
1 - 0% - 60%
2 - 0% - 40%
44 Forward
1 - 0% - 60%
2 - 0% - 40%
44 Defense
1 - 0% - 60%
2 - 0% - 40%
Last Minute Offensive  - 0:00
Last Minute Defensive  - 0:00
Total
Forward - 60:00
Defense - 60:00

% Time on Ice - Predators

Lines # - Real PCT - Wanted PCT - Time Play
Normal Forward
1 - 37% - 40% - 17:38
2 - 27% - 30% - 13:06
3 - 21% - 20% - 10:15
4 - 15% - 10% - 7:06
Normal Defense
1 - 40% - 40% - 19:12
2 - 34% - 30% - 16:31
3 - 22% - 20% - 10:21
4 - 4% - 10% - 2:01
PP Forward
1 - 62% - 55% - 1:14
2 - 38% - 45% - 0:45
PP Defense
1 - 44% - 60% - 0:52
2 - 56% - 40% - 1:07
PK Forward
1 - 77% - 60% - 7:41
2 - 23% - 40% - 2:15
PK Defense
1 - 66% - 60% - 6:35
2 - 34% - 40% - 3:21
PK3 Forward
1 - 0% - 60%
2 - 0% - 40%
PK3 Defense
1 - 0% - 60%
2 - 0% - 40%
44 Forward
1 - 0% - 60%
2 - 0% - 40%
44 Defense
1 - 0% - 60%
2 - 0% - 40%
Last Minute Offensive  - 0:00
Last Minute Defensive  - 0:00
Total
Forward - 60:00
Defense - 60:00

Play-by-Play

1st period


0:01 of 1st period - Jack Eichel wins face-off versus Anze Kopitar in neutral zone.
0:04 of 1st period - Jeff Schultz is hit by Ryan Mcdonagh and loses puck.
0:34 of 1st period - Wrist shot by Tim Schaller.
0:34 of 1st period - Shot Blocked by John Moore.
0:50 of 1st period - Justin Schultz is hit by Scott Laughton and loses puck.
0:56 of 1st period - Off-side.
0:57 of 1st period - Andy Miele wins face-off versus Anze Kopitar in neutral zone.
1:04 of 1st period - Snap shot by Nicolas Kerdiles.
1:04 of 1st period - Shot Blocked by Ben Hutton.
1:22 of 1st period - Anthony Cirelli is hit by Scott Laughton and loses puck.
1:47 of 1st period - Ryan Mcdonagh is hit by Jonathan Drouin and loses puck.
1:54 of 1st period - Wrist shot by Lawson Crouse.
1:54 of 1st period - Stopped by Andrei Vasilevskiy with a rebound.
2:08 of 1st period - Slapshot by Ryan Mcdonagh.
2:08 of 1st period - Shot Misses the Net.
2:10 of 1st period - Wrist shot by Justin Faulk.
2:10 of 1st period - Stopped by Anton Forsberg without a rebound.
2:11 of 1st period - Jack Eichel wins face-off versus Tim Schaller in Lightning zone.
2:30 of 1st period - Snap shot by Tim Schaller.
2:30 of 1st period - Stopped by Andrei Vasilevskiy with a rebound.
2:32 of 1st period - Slapshot by Alex Pietrangelo.
2:32 of 1st period - Stopped by Andrei Vasilevskiy with a rebound.
2:34 of 1st period - Snap shot by Alex Pietrangelo.
2:34 of 1st period - Stopped by Andrei Vasilevskiy with a rebound.
2:47 of 1st period - Off-side.
2:48 of 1st period - Anze Kopitar wins face-off versus Scott Laughton in neutral zone.
3:01 of 1st period - Wrist shot by Scott Laughton.
3:01 of 1st period - Goal by Scott Laughton - Lightning : 0 - Predators : 1.
3:02 of 1st period - Anze Kopitar wins face-off versus Andy Miele in neutral zone.
3:27 of 1st period - Alex Pietrangelo is hit by Jaden Schwartz and loses puck.
4:13 of 1st period - Off-side.
4:14 of 1st period - Markus Granlund wins face-off versus Anze Kopitar in neutral zone.
4:41 of 1st period - Snap shot by Jonathan Drouin.
4:41 of 1st period - Stopped by Andrei Vasilevskiy with a rebound.
4:43 of 1st period - Snap shot by John Carlson.
4:43 of 1st period - Shot Misses the Net.
4:45 of 1st period - Slapshot by Justin Schultz.
4:45 of 1st period - Stopped by Andrei Vasilevskiy without a rebound.
4:46 of 1st period - Cory Emmerton wins face-off versus Scott Laughton in Predators zone.
5:13 of 1st period - Ryan Mcdonagh is hit by Dmitry Sinitsyn and loses puck.
5:35 of 1st period - Off-side.
5:36 of 1st period - Daultan Leveillé wins face-off versus Andy Miele in neutral zone.
5:39 of 1st period - Snap shot by Alex Pietrangelo.
5:39 of 1st period - Deflect By Tim Schaller.
5:39 of 1st period - Shot Misses the Net.
5:39 of 1st period - Puck is out of play.
5:40 of 1st period - Daultan Leveillé wins face-off versus Andy Miele in Predators zone.
5:57 of 1st period - Slapshot by Daultan Leveillé.
5:57 of 1st period - Deflect By Tim Schaller.
5:57 of 1st period - Shot Misses the Net.
5:57 of 1st period - Puck is out of play.
5:58 of 1st period - Anze Kopitar wins face-off versus Jack Eichel in Predators zone.
6:05 of 1st period - Mikael Granlund is hit by Lawson Crouse and loses puck.
6:20 of 1st period - Minor Penalty to Justin Faulk for Holding.
6:21 of 1st period - Jaden Schwartz wins face-off versus Anze Kopitar in Predators zone.
6:46 of 1st period - Marc Staal is hit by Alex DeBrincat and loses puck.
8:20 of 1st period - Penalty to Justin Faulk is over, Justin Faulk is back on ice.
9:06 of 1st period - Max Friberg is hit by Jaden Schwartz and loses puck.
9:26 of 1st period - Marc Staal is hit by Alex DeBrincat and loses puck.
9:37 of 1st period - Marc Staal is hit by Teemu Hartikainen and loses puck.
10:14 of 1st period - Icing by Alexander Ovechkin.
10:15 of 1st period - Max Friberg wins face-off versus Jack Eichel in Predators zone.
10:30 of 1st period - Jack Eichel is hit by Alex DeBrincat and loses puck.
10:41 of 1st period - Wrist shot by Mikael Granlund.
10:41 of 1st period - Stopped by Anton Forsberg without a rebound.
10:42 of 1st period - Scott Laughton wins face-off versus Anze Kopitar in Lightning zone.
11:11 of 1st period - Icing by Alex DeBrincat.
11:12 of 1st period - Andy Miele wins face-off versus Cory Emmerton in Lightning zone.
11:31 of 1st period - Reilly Smith is hit by Alex Pietrangelo and loses puck.
12:00 of 1st period - Slapshot by Andy Miele.
12:00 of 1st period - Deflect By Nicolas Kerdiles.
12:00 of 1st period - Stopped by Anton Forsberg without a rebound.
12:01 of 1st period - Anze Kopitar wins face-off versus Jack Eichel in Lightning zone.
12:28 of 1st period - Justin Faulk is hit by Tim Schaller and loses puck.
13:11 of 1st period - Jack Eichel is hit by Lawson Crouse and loses puck.
13:44 of 1st period - Snap shot by Jonathan Drouin.
13:44 of 1st period - Stopped by Andrei Vasilevskiy without a rebound.
13:45 of 1st period - Alex DeBrincat wins face-off versus Andy Miele in Predators zone.
14:02 of 1st period - Snap shot by Andy Miele.
14:02 of 1st period - Shot Blocked by Jeff Schultz.
14:12 of 1st period - Alexander Ovechkin is hit by Tim Schaller and loses puck.
14:21 of 1st period - Wrist shot by Mikael Granlund.
14:21 of 1st period - Goal by Mikael Granlund - Lightning : 0 - Predators : 2.
14:22 of 1st period - Anze Kopitar wins face-off versus Jack Eichel in neutral zone.
14:25 of 1st period - Justin Faulk is hit by Jonathan Drouin.
14:28 of 1st period - Off-side.
14:29 of 1st period - Jack Eichel wins face-off versus Anze Kopitar in neutral zone.
14:37 of 1st period - Snap shot by Alexander Ovechkin.
14:37 of 1st period - Shot Misses the Net.
14:58 of 1st period - Off-side.
14:59 of 1st period - Claude Giroux wins face-off versus Cory Emmerton in neutral zone.
15:33 of 1st period - Off-side.
15:34 of 1st period - Jack Eichel wins face-off versus Anze Kopitar in neutral zone.
15:37 of 1st period - Lawson Crouse is hit by Alexander Ovechkin and loses puck.
16:06 of 1st period - Ryan Mcdonagh is hit by Max Friberg and loses puck.
16:39 of 1st period - Slapshot by Ryan Mcdonagh.
16:39 of 1st period - Shot Misses the Net.
16:41 of 1st period - Slapshot by Justin Faulk.
16:41 of 1st period - Stopped by Anton Forsberg without a rebound.
16:42 of 1st period - Anze Kopitar wins face-off versus Scott Laughton in Lightning zone.
17:15 of 1st period - Slapshot by Jack Eichel.
17:15 of 1st period - Shot Blocked by Alex DeBrincat.
18:16 of 1st period - Slapshot by Travis Dermott.
18:16 of 1st period - Deflect By Scott Laughton.
18:16 of 1st period - Shot Blocked by Cory Emmerton.
18:16 of 1st period - Puck is out of play.
18:17 of 1st period - Cory Emmerton wins face-off versus Jack Eichel in Lightning zone.
18:30 of 1st period - Slapshot by Mikael Granlund.
18:30 of 1st period - Shot Misses the Net.
18:48 of 1st period - Wrist shot by Jack Eichel.
18:48 of 1st period - Stopped by Anton Forsberg with a rebound.
18:50 of 1st period - Slapshot by Ryan Mcdonagh.
18:50 of 1st period - Stopped by Anton Forsberg without a rebound.
18:51 of 1st period - Lawson Crouse wins face-off versus Scott Laughton in Lightning zone.
18:51 of 1st period - Lawson Crouse is hit by Claude Giroux.
19:03 of 1st period - Wrist shot by Lawson Crouse.
19:03 of 1st period - Shot Blocked by Marc Staal.
19:22 of 1st period - Daultan Leveillé is hit by Andy Miele and loses puck.
Goals for this period are 0 for Lightning vs 2 for Predators.
Shots for this period are 7 for Lightning vs 8 for Predators.

2nd period


0:01 of 2nd period - Anze Kopitar wins face-off versus Jack Eichel in neutral zone.
0:07 of 2nd period - Off-side.
0:08 of 2nd period - Jack Eichel wins face-off versus Jonathan Drouin in neutral zone.
0:10 of 2nd period - Minor Penalty to Justin Faulk for Roughing.
0:11 of 2nd period - Anze Kopitar wins face-off versus Jaden Schwartz in Predators zone.
0:13 of 2nd period - Snap shot by Lawson Crouse.
0:13 of 2nd period - Shot Misses the Net.
0:42 of 2nd period - Slapshot by Jeff Schultz.
0:42 of 2nd period - Shot Misses the Net.
0:44 of 2nd period - Wrist shot by Alex DeBrincat.
0:44 of 2nd period - Deflect By Andy Miele.
0:44 of 2nd period - Stopped by Andrei Vasilevskiy with a rebound.
0:54 of 2nd period - Wrist shot by Lawson Crouse.
0:54 of 2nd period - Shot Blocked by Claude Giroux.
1:40 of 2nd period - Snap shot by Andy Miele.
1:40 of 2nd period - Goal by Andy Miele - Lightning : 0 - Predators : 3.
1:41 of 2nd period - Cory Emmerton wins face-off versus Mark Pysyk in neutral zone.
1:44 of 2nd period - Backhand shot by Jeff Schultz.
1:44 of 2nd period - Stopped by Andrei Vasilevskiy with a rebound.
1:46 of 2nd period - Slapshot by Alex Pietrangelo.
1:46 of 2nd period - Shot Blocked by Marc Staal.
1:48 of 2nd period - Backhand shot by Cory Emmerton.
1:48 of 2nd period - Shot Misses the Net.
1:50 of 2nd period - Wrist shot by Jeff Schultz.
1:50 of 2nd period - Deflect By Cory Emmerton.
1:50 of 2nd period - Stopped by Andrei Vasilevskiy with a rebound.
1:52 of 2nd period - Wrist shot by Alex Pietrangelo.
1:52 of 2nd period - Stopped by Andrei Vasilevskiy with a rebound.
1:54 of 2nd period - Snap shot by Cory Emmerton.
1:54 of 2nd period - Stopped by Andrei Vasilevskiy with a rebound.
1:56 of 2nd period - Snap shot by Alex DeBrincat.
1:56 of 2nd period - Shot Misses the Net.
1:58 of 2nd period - Backhand shot by Alex Pietrangelo.
1:58 of 2nd period - Deflect By Mark Pysyk.
1:58 of 2nd period - Stopped by Andrei Vasilevskiy with a rebound.
2:10 of 2nd period - Penalty to Justin Faulk is over, Justin Faulk is back on ice.
2:29 of 2nd period - Wrist shot by Mikael Granlund.
2:29 of 2nd period - Shot Misses the Net.
2:31 of 2nd period - Wrist shot by Ryan Mcdonagh.
2:31 of 2nd period - Stopped by Anton Forsberg with a rebound.
2:53 of 2nd period - Slapshot by Justin Schultz.
2:53 of 2nd period - Stopped by Andrei Vasilevskiy without a rebound.
2:54 of 2nd period - Andy Miele wins face-off versus Cory Emmerton in Predators zone.
4:04 of 2nd period - Scott Laughton is hit by John Carlson and loses puck.
4:15 of 2nd period - Snap shot by Jaden Schwartz.
4:15 of 2nd period - Deflect By Claude Giroux.
4:15 of 2nd period - Goal by Claude Giroux - Lightning : 0 - Predators : 4.
4:15 of 2nd period - Alex Nedeljkovic enters game.
4:16 of 2nd period - Anze Kopitar wins face-off versus Jack Eichel in neutral zone.
5:02 of 2nd period - Wrist shot by Jack Eichel.
5:02 of 2nd period - Shot Misses the Net.
5:04 of 2nd period - Slapshot by John Moore.
5:04 of 2nd period - Goal by John Moore - Lightning : 0 - Predators : 5.
5:05 of 2nd period - Scott Laughton wins face-off versus Anze Kopitar in neutral zone.
5:10 of 2nd period - John Carlson is hit by Claude Giroux and loses puck.
5:15 of 2nd period - Slapshot by Jaden Schwartz.
5:15 of 2nd period - Stopped by Alex Nedeljkovic without a rebound.
5:16 of 2nd period - Jack Eichel wins face-off versus Anze Kopitar in Lightning zone.
5:17 of 2nd period - Snap shot by Mikael Granlund.
5:17 of 2nd period - Shot Misses the Net.
5:23 of 2nd period - Slapshot by Justin Faulk.
5:23 of 2nd period - Shot Misses the Net.
5:33 of 2nd period - Justin Faulk is hit by Lawson Crouse and loses puck.
6:16 of 2nd period - Wrist shot by Anthony Cirelli.
6:16 of 2nd period - Shot Misses the Net.
6:39 of 2nd period - Off-side.
6:40 of 2nd period - Anze Kopitar wins face-off versus Jack Eichel in neutral zone.
6:49 of 2nd period - Snap shot by Jonathan Drouin.
6:49 of 2nd period - Shot Misses the Net.
6:51 of 2nd period - Snap shot by Jonathan Drouin.
6:51 of 2nd period - Shot Misses the Net.
6:53 of 2nd period - Slapshot by Jonathan Drouin.
6:53 of 2nd period - Deflect By Anze Kopitar.
6:53 of 2nd period - Goal by Anze Kopitar - Lightning : 1 - Predators : 5.
6:54 of 2nd period - Anze Kopitar wins face-off versus Jack Eichel in neutral zone.
7:01 of 2nd period - Snap shot by Lawson Crouse.
7:01 of 2nd period - Deflect By Mikael Granlund.
7:01 of 2nd period - Shot Misses the Net.
7:01 of 2nd period - Puck is out of play.
7:02 of 2nd period - Anze Kopitar wins face-off versus Jack Eichel in Predators zone.
7:29 of 2nd period - Wrist shot by Jaden Schwartz.
7:29 of 2nd period - Shot Blocked by Dmitry Sinitsyn.
8:15 of 2nd period - Icing by Ryan Mcdonagh.
8:16 of 2nd period - Anze Kopitar wins face-off versus Markus Granlund in Predators zone.
8:53 of 2nd period - Snap shot by Jack Eichel.
8:53 of 2nd period - Stopped by Alex Nedeljkovic with a rebound.
8:55 of 2nd period - Slapshot by Justin Faulk.
8:55 of 2nd period - Deflect By Mikael Granlund.
8:55 of 2nd period - Stopped by Alex Nedeljkovic with a rebound.
8:57 of 2nd period - Slapshot by Ryan Mcdonagh.
8:57 of 2nd period - Stopped by Alex Nedeljkovic with a rebound.
9:03 of 2nd period - Minor Penalty to Alex DeBrincat for Hooking.
9:04 of 2nd period - Jack Eichel wins face-off versus Anze Kopitar in Lightning zone.
9:05 of 2nd period - Wrist shot by Mikael Granlund.
9:05 of 2nd period - Deflect By Jack Eichel.
9:05 of 2nd period - Shot Misses the Net.
9:05 of 2nd period - Puck is out of play.
9:06 of 2nd period - Anze Kopitar wins face-off versus Jack Eichel in Lightning zone.
9:06 of 2nd period - Anze Kopitar is hit by John Moore.
9:25 of 2nd period - Jack Eichel is hit by Anze Kopitar and loses puck.
9:45 of 2nd period - Slapshot by Travis Dermott.
9:45 of 2nd period - Deflect By Jack Eichel.
9:45 of 2nd period - Shot Misses the Net.
9:45 of 2nd period - Puck is out of play.
9:46 of 2nd period - Scott Laughton wins face-off versus Jonathan Drouin in Lightning zone.
11:03 of 2nd period - Penalty to Alex DeBrincat is over, Alex DeBrincat is back on ice.
11:31 of 2nd period - Markus Granlund is hit by Cory Emmerton and loses puck.
11:57 of 2nd period - Alex DeBrincat is hit by Andy Miele and loses puck.
12:26 of 2nd period - Tim Schaller is hit by Jaden Schwartz and loses puck.
13:17 of 2nd period - Snap shot by Alex DeBrincat.
13:17 of 2nd period - Shot Misses the Net.
13:29 of 2nd period - Scott Laughton is hit by Teemu Hartikainen and loses puck.
14:45 of 2nd period - Icing by Marc Staal.
14:46 of 2nd period - Markus Granlund wins face-off versus Anze Kopitar in Predators zone.
15:19 of 2nd period - Snap shot by Max Friberg.
15:19 of 2nd period - Stopped by Andrei Vasilevskiy without a rebound.
15:20 of 2nd period - Alex DeBrincat wins face-off versus Scott Laughton in Predators zone.
15:32 of 2nd period - Off-side.
15:33 of 2nd period - Jack Eichel wins face-off versus Anze Kopitar in neutral zone.
15:35 of 2nd period - Off-side.
15:36 of 2nd period - Anze Kopitar wins face-off versus Jack Eichel in neutral zone.
15:57 of 2nd period - Minor Penalty to Alexander Ovechkin for Slashing.
15:58 of 2nd period - Jaden Schwartz wins face-off versus Anze Kopitar in Predators zone.
16:15 of 2nd period - Off-side.
16:16 of 2nd period - Jaden Schwartz wins face-off versus Cory Emmerton in neutral zone.
16:27 of 2nd period - Slapshot by Alex Pietrangelo.
16:27 of 2nd period - Shot Blocked by Justin Faulk.
16:29 of 2nd period - Slapshot by Alex Pietrangelo.
16:29 of 2nd period - Shot Misses the Net.
16:31 of 2nd period - Snap shot by Anthony Cirelli.
16:31 of 2nd period - Shot Hit the Post.
16:33 of 2nd period - Snap shot by Anthony Cirelli.
16:33 of 2nd period - Stopped by Andrei Vasilevskiy without a rebound.
16:34 of 2nd period - Jaden Schwartz wins face-off versus Anze Kopitar in Predators zone.
16:45 of 2nd period - Jaden Schwartz is hit by Jeff Schultz and loses puck.
17:57 of 2nd period - Penalty to Alexander Ovechkin is over, Alexander Ovechkin is back on ice.
17:59 of 2nd period - Justin Faulk is hit by Cory Emmerton and loses puck.
18:15 of 2nd period - Snap shot by Max Friberg.
18:15 of 2nd period - Stopped by Andrei Vasilevskiy with a rebound.
18:17 of 2nd period - Slapshot by Max Friberg.
18:17 of 2nd period - Goal by Max Friberg - Lightning : 2 - Predators : 5.
18:18 of 2nd period - Jack Eichel wins face-off versus Jonathan Drouin in neutral zone.
18:23 of 2nd period - Alex Pietrangelo is hit by Jack Eichel.
18:54 of 2nd period - Snap shot by Mikael Granlund.
18:54 of 2nd period - Stopped by Alex Nedeljkovic with a rebound.
18:56 of 2nd period - Slapshot by Alexander Ovechkin.
18:56 of 2nd period - Stopped by Alex Nedeljkovic with a rebound.
18:58 of 2nd period - Slapshot by John Moore.
18:58 of 2nd period - Stopped by Alex Nedeljkovic with a rebound.
19:10 of 2nd period - Wrist shot by Jack Eichel.
19:10 of 2nd period - Stopped by Alex Nedeljkovic with a rebound.
19:12 of 2nd period - Wrist shot by John Moore.
19:12 of 2nd period - Stopped by Alex Nedeljkovic with a rebound.
19:14 of 2nd period - Wrist shot by Jack Eichel.
19:14 of 2nd period - Shot Hit the Post.
19:22 of 2nd period - Snap shot by Mikael Granlund.
19:22 of 2nd period - Deflect By Alexander Ovechkin.
19:22 of 2nd period - Stopped by Alex Nedeljkovic without a rebound.
19:23 of 2nd period - Scott Laughton wins face-off versus Cory Emmerton in Lightning zone.
Goals for this period are 2 for Lightning vs 3 for Predators.
Shots for this period are 12 for Lightning vs 14 for Predators.

3rd period


0:01 of 3rd period - Jack Eichel wins face-off versus Anze Kopitar in neutral zone.
0:12 of 3rd period - Wrist shot by Jack Eichel.
0:12 of 3rd period - Stopped by Alex Nedeljkovic with a rebound.
0:26 of 3rd period - Scott Laughton is hit by Cory Emmerton and loses puck.
0:35 of 3rd period - Slapshot by Ryan Mcdonagh.
0:35 of 3rd period - Deflect By Jeff Schultz.
0:35 of 3rd period - Stopped by Alex Nedeljkovic without a rebound.
0:36 of 3rd period - Anze Kopitar wins face-off versus Jack Eichel in Lightning zone.
0:59 of 3rd period - Double Minor Penalty to Alexander Ovechkin for Roughing.
1:00 of 3rd period - Anze Kopitar wins face-off versus Jaden Schwartz in Predators zone.
1:13 of 3rd period - Slapshot by Alex Pietrangelo.
1:13 of 3rd period - Stopped by Andrei Vasilevskiy with a rebound.
1:25 of 3rd period - Justin Faulk is hit by Anthony Cirelli and loses puck.
2:12 of 3rd period - Claude Giroux is hit by Cory Emmerton and loses puck.
4:09 of 3rd period - Justin Faulk is hit by Cory Emmerton and loses puck.
4:46 of 3rd period - Alex Pietrangelo is hit by Jack Eichel and loses puck.
4:59 of 3rd period - Penalty to Alexander Ovechkin is over, Alexander Ovechkin is back on ice.
5:51 of 3rd period - John Draeger is hit by Alexander Ovechkin and loses puck.
6:11 of 3rd period - Travis Dermott is hit by Justin Schultz and loses puck.
6:42 of 3rd period - Jeff Schultz is hit by Markus Granlund and loses puck.
7:45 of 3rd period - Reilly Smith is hit by Cory Emmerton and loses puck.
8:34 of 3rd period - Snap shot by Markus Granlund.
8:34 of 3rd period - Deflect By John Carlson.
8:34 of 3rd period - Shot Misses the Net.
8:34 of 3rd period - Puck is out of play.
8:35 of 3rd period - Markus Granlund wins face-off versus Daultan Leveillé in Lightning zone.
9:35 of 3rd period - Wrist shot by Jaden Schwartz.
9:35 of 3rd period - Shot Misses the Net.
9:49 of 3rd period - Mikael Granlund is hit by Justin Schultz and loses puck.
10:24 of 3rd period - Off-side.
10:25 of 3rd period - Scott Laughton wins face-off versus Cory Emmerton in neutral zone.
10:28 of 3rd period - Slapshot by Travis Dermott.
10:28 of 3rd period - Stopped by Alex Nedeljkovic without a rebound.
10:29 of 3rd period - Anthony Cirelli wins face-off versus Claude Giroux in Lightning zone.
10:34 of 3rd period - Cory Emmerton is hit by John Moore and loses puck.
10:39 of 3rd period - Wrist shot by Claude Giroux.
10:39 of 3rd period - Stopped by Alex Nedeljkovic without a rebound.
10:40 of 3rd period - Anze Kopitar wins face-off versus Claude Giroux in Lightning zone.
10:40 of 3rd period - Anze Kopitar is hit by Scott Laughton.
12:49 of 3rd period - Wrist shot by Daultan Leveillé.
12:49 of 3rd period - Shot Blocked by John Moore.
14:24 of 3rd period - Jeff Schultz is hit by Claude Giroux and loses puck.
14:59 of 3rd period - Slapshot by Marc Staal.
14:59 of 3rd period - Shot Misses the Net.
15:01 of 3rd period - Slapshot by Andreas Englund.
15:01 of 3rd period - Stopped by Alex Nedeljkovic with a rebound.
15:03 of 3rd period - Slapshot by Marc Staal.
15:03 of 3rd period - Stopped by Alex Nedeljkovic without a rebound.
15:04 of 3rd period - Daultan Leveillé wins face-off versus Scott Laughton in Lightning zone.
15:13 of 3rd period - Snap shot by Tim Schaller.
15:13 of 3rd period - Stopped by Andrei Vasilevskiy with a rebound.
15:15 of 3rd period - Wrist shot by Max Friberg.
15:15 of 3rd period - Shot Misses the Net.
16:12 of 3rd period - Max Friberg is hit by Mark Pysyk and loses puck.
16:19 of 3rd period - Max Friberg is hit by Markus Granlund and loses puck.
16:57 of 3rd period - Slapshot by Justin Schultz.
16:57 of 3rd period - Goal by Justin Schultz - Lightning : 3 - Predators : 5.
16:58 of 3rd period - Anze Kopitar wins face-off versus Andy Miele in neutral zone.
17:00 of 3rd period - Alex Pietrangelo is hit by Justin Faulk and loses puck.
17:23 of 3rd period - Jeff Schultz is hit by Mikael Granlund and loses puck.
17:44 of 3rd period - Snap shot by Jaden Schwartz.
17:44 of 3rd period - Stopped by Alex Nedeljkovic with a rebound.
17:46 of 3rd period - Snap shot by Claude Giroux.
17:46 of 3rd period - Stopped by Alex Nedeljkovic with a rebound.
18:43 of 3rd period - Snap shot by Tim Schaller.
18:43 of 3rd period - Shot Blocked by Justin Faulk.
18:45 of 3rd period - Snap shot by Daultan Leveillé.
18:45 of 3rd period - Stopped by Andrei Vasilevskiy without a rebound.
18:46 of 3rd period - Scott Laughton wins face-off versus Daultan Leveillé in Predators zone.
19:27 of 3rd period - Slapshot by Justin Schultz.
19:27 of 3rd period - Shot Misses the Net.
Goals for this period are 1 for Lightning vs 0 for Predators.
Shots for this period are 4 for Lightning vs 8 for Predators.